 Dungeon Crawl Stone Soup version 0.23.2-33-g5129a83184 (webtiles) character file.

Game seed: 13466999843667365817

1568 Atelerd the Thaumaturge (level 8, -4/46 (47) HPs)
             Began as an Octopode Conjurer on July 15, 2019.
             Slain by spacecarp's ghost (8 damage)
             ... on level 5 of the Dungeon.
             The game lasted 00:19:06 (9104 turns).

Atelerd the Thaumaturge (Octopode Conjurer)         Turns: 9104, Time: 00:19:06

HP:   -4/46 (47)    AC:  2    Str:  7    XL:     8   Next: 90%
MP:   8/20          EV: 13    Int: 24    God:
Gold: 329           SH:  0    Dex: 12    Spells: 14/23 levels left

rFire    . . .     SeeInvis .   u - +1 dagger (protect)
rCold    . . .     Gourm    .   (no shield)
rNeg     . . .     Faith    .   (helmet restricted)
rPois    .         Spirit   .   (no amulet)
rElec    .         Reflect  .   z - ring of flight
rCorr    .         Harm     .   h - +4 ring of intelligence
MR       .....                  F - +1 ring of protection
Stlth    ++........             (no ring)
HPRegen  0.15/turn              (no ring)
MPRegen  0.17/turn              (no ring)
                                (no ring)
                                (no ring)

@: silence
A: almost no armour, stealthy swim, amphibious, 8 rings, constrict 8, camouflage
1, gelatinous body 1
a: Evoke Flight


You were on level 5 of the Dungeon.
You were very hungry.

You visited 1 branch of the dungeon, and saw 7 of its levels.
You also visited: Ossuary.

You collected 329 gold pieces.

Inventory:

Hand Weapons
 c - a +0 whip
 d - a +0 dagger of speed
 g - a -1 mace
 u - a +1 dagger of protection (weapon)
Jewellery
 h - a +4 ring of intelligence (right tentacle)
 z - a ring of flight (left tentacle)
 F - a +1 ring of protection (on tentacle)
Wands
 s - a wand of digging (6)
 A - a wand of random effects (10)
 B - a wand of flame (6)
 J - a wand of acid (10)
Scrolls
 a - 4 scrolls of teleportation
 f - 5 scrolls of blinking
 i - 2 scrolls of magic mapping
 l - a scroll of noise
 m - a scroll of enchant weapon
 p - a scroll of fear
 r - 2 scrolls of remove curse
 x - 2 scrolls of amnesia
 C - a scroll of fog {unknown}
 E - a scroll of identify
Potions
 e - 3 potions of lignification {unknown}
 j - 2 potions of heal wounds {unknown}
 k - 2 potions of invisibility {unknown}
 n - a potion of agility {unknown}
 o - 6 potions of curing
 q - a potion of resistance {unknown}
 t - 6 potions of flight {unknown}
 v - 2 potions of cancellation {unknown}
 w - a potion of brilliance {unknown}
 D - a potion of magic {unknown}
 G - a potion of haste {unknown}
 H - a potion of berserk rage {unknown}
Comestibles
 b - 2 rations


   Skills:
 + Level 0.7 Fighting
 + Level 2.2 Dodging
 - Level 2.6 Stealth
 * Level 8.2 Spellcasting
 + Level 7.3 Conjurations
 * Level 1.3 Translocations


You had 14 spell levels left.
You knew the following spells:

 Your Spells              Type           Power        Failure   Level  Hunger
a - Magic Dart            Conj           ####         1%          1    None
b - Iskenderun's Mystic   Conj           #####...     3%          4    ##.....
c - Force Lance           Conj/Tloc      ####....     11%         4    ##.....

Your spell library contained the following spells:

 Spells                   Type           Power        Failure   Level  Hunger
 Searing Ray              Conj           #####.       1%          2    None
 Dazzling Spray           Conj/Hex       ####..       4%          3    None
 Fulminant Prism          Conj/Hex       ####......   14%         4    ##.....


Dungeon Overview and Level Annotations

Branches:
Dungeon (7/15)
 Temple: D:4-7

Altars:
Okawaru

Annotations:
D:4 exclusion: downstairs
D:5 1 runed translucent door, Crazy Yiuf; spacecarp's ghost, novice TeCj


Innate Abilities, Weirdness & Mutations

You cannot wear most types of armour.
You are very stealthy in the water. (Stealth+)
You are amphibious.
You can wear up to eight rings at the same time.
You can use your tentacles to constrict eight enemies at once.
Your skin changes colour to match your surroundings (Stealth+).
Your rubbery body absorbs attacks. (AC +1, EV +1)


Message History

The lance of force hits spacecarp's ghost!
Spacecarp's ghost is moderately damaged.
Spacecarp's ghost casts a spell at you. The orb of energy hits you!
The orb of energy explodes!
Casting: Force Lance (safe; 11% risk of failure)
Confirm with . or Enter, or press ? or * to list all spells.
Aiming: Iskenderun's Mystic Blast (safe; 3% risk of failure)
Press: ? - help, Shift-Dir - straight line, f/p - spacecarp's ghost
Aim: spacecarp's ghost (moderately damaged)
The orb of energy misses spacecarp's ghost.
The orb of energy explodes!
Spacecarp's ghost casts a spell at you. The orb of energy hits you!
The orb of energy explodes!
Spacecarp's ghost points at you and mumbles some strange words.
The orb of energy hits you!!
* * * LOW HITPOINT WARNING * * *
The orb of energy explodes!
As you read the scroll of silence, it crumbles to dust.
A profound silence engulfs you. Spacecarp's ghost hits you!
You die...

#...# ... ##### #+# #.... ♣.♣♣
########### #.... ♣♣.♣
#.........# #.... ♣.♣♣
#.........# ##..[. ♣♣.♣
#.........# #..... ♣.♣♣
#.........# ###.#[.# ♣♣♣..♣
#....W@.<.# ####......) ♣....♣
####.########....#.#... #....#
#.#........####.#... #.)..###
##.#........# #.#.(. .....(.#
##..#.......## ##.#... .......#
#..#.....W..# ##..#... .......#
#.......>...###..##...
.......#####..#####.##.....###...
..........##..# #.##.....###...


You could see spacecarp's ghost.

Vanquished Creatures
  An ice beast (D:4)
  An ogre (D:6)
  A bullfrog (D:6)
  2 elf skeletons (D:6)
  A scorpion (D:6)
  3 howler monkeys
  A bullfrog zombie (Ossuary)
  2 human zombies (D:6)
  2 centaur zombies (Ossuary)
  2 hounds (D:5)
  A jelly (D:5)
  A centaur skeleton (D:4)
  An orc priest (D:5)
  A bullfrog skeleton (D:4)
  2 orc wizards
  A human skeleton (D:6)
  An iguana (D:3)
  13 mummies (Ossuary)
  4 worker ants (D:5)
  3 hound zombies (Ossuary)
  2 worker ant zombies (Ossuary)
  4 gnolls (D:6)
  9 adders
  An ooze (D:3)
  3 adder zombies
  An adder skeleton (D:4)
  3 worms
  3 dart slugs
  9 orcs
  6 bats
  5 giant cockroaches
  7 goblins
  5 hobgoblins
  6 jackals (D:3)
  3 quokkas (D:3)
  2 ball pythons
  2 ball python skeletons
  A ball python zombie (Ossuary)
  5 frilled lizards
  A jackal skeleton (D:5)
  A jackal zombie (Ossuary)
  2 kobolds
  A leopard gecko zombie (Ossuary)
  An orc skeleton (D:6)
  A quokka skeleton (D:5)
  3 quokka zombies (Ossuary)
  4 rats
135 creatures vanquished.

Vanquished Creatures (others)
  6 withered plants (Ossuary)
6 creatures vanquished.

Grand Total: 141 creatures vanquished

Notes
Turn   | Place    | Note
-------+----------+-------------------------------------------
     0 | D:1      | Atelerd the Octopode Conjurer began the quest for the Orb.
     0 | D:1      | Reached XP level 1. HP: 11/11 MP: 3/3
   343 | D:1      | Reached XP level 2. HP: 17/17 MP: 5/5
   820 | D:2      | Reached XP level 3. HP: 14/21 MP: 2/7
   885 | D:2      | Found an iron altar of Okawaru.
   914 | D:2      | Reached skill level 3 in Spellcasting
  1354 | D:2      | Reached XP level 4. HP: 10/27 MP: 5/9
  2547 | D:3      | Reached skill level 4 in Spellcasting
  2547 | D:3      | Reached XP level 5. HP: 3/31 MP: 0/11
  3517 | D:4      | Reached skill level 5 in Conjurations
  3675 | D:4      | Learned a level 4 spell: Iskenderun's Mystic Blast
  3680 | D:4      | Learned a level 4 spell: Force Lance
  3811 | D:4      | Reached XP level 6. HP: 26/36 MP: 1/13
  4520 | D:5      | Entered Level 5 of the Dungeon
  4540 | D:5      | Reached skill level 5 in Spellcasting
  4636 | D:5      | Noticed an ice beast
  4786 | D:4      | Killed an ice beast
  4967 | D:5      | Reached XP level 7. HP: 41/41 MP: 10/15
  5113 | D:5      | Reached skill level 6 in Spellcasting
  5719 | D:5      | Found a runed translucent door.
  5720 | D:5      | Noticed Crazy Yiuf
  5836 | D:5      | Found a runed translucent door.
  5841 | D:5      | Noticed spacecarp's ghost (novice TeCj)
  6438 | D:6      | Found a sand-covered staircase.
  6538 | D:6      | Reached XP level 8. HP: 29/45 MP: 5/18
  6542 | Ossuary  | Entered an ossuary
  6651 | Ossuary  | Reached skill level 7 in Spellcasting
  8206 | D:6      | Reached skill level 8 in Spellcasting
  8701 | D:6      | Reached skill level 1 in Translocations
  9104 | D:5      | Slain by spacecarp's ghost

Skill      XL: |  1  2  3  4  5  6  7  8 |
---------------+-------------------------+-----
Spellcasting   | 3 4 5 6 8 |  8.2
Conjurations   | 5 6 7 |  7.3
Translocations | 1 |  1.3
Fighting       | |  0.7
Dodging        | |  2.2
Stealth        | |  2.6

Action                   |  1- 3 |  4- 6 |  7- 9 || total
-------------------------+-------+-------+-------++-------
Melee: Dagger            |    28 |    35 |    74 ||   137
       Whip              |     6 |       |       ||     6
       Constrict         |    11 |     9 |    17 ||    37
       Tentacles         |     7 |     5 |    12 ||    24
       Mace              |    20 |    18 |       ||    38
 Cast: Magic Dart        |    25 |    96 |    46 ||   167
       Iskenderun's Myst |       |     6 |    79 ||    85
       Force Lance       |       |     4 |    20 ||    24
  Use: Potion            |     2 |       |       ||     2
       Scroll            |     1 |     4 |     9 ||    14
 Stab: Sleeping          |     5 |     4 |     1 ||    10
  Eat: Chunk             |     1 |     9 |     5 ||    15
       Ration            |       |     1 |     5 ||     6
Armor: Skin              |     1 |     5 |    23 ||    29
Dodge: Dodged            |    36 |    49 |    60 ||   145
